 Dungeon Crawl Stone Soup version 0.32-a0-779-g362cfcae2a (webtiles) character file.

Game seed: 7872864963079989325

2150 Doorstop00 the Cleaver (level 9, -2/118 HPs)
             Began as a Minotaur Berserker on Mar 18, 2024.
             Was a High Priest of Trog.
             Slain by a kobold demonologist
             ... wielding a staff of alchemy
              (7 damage)
             ... on level 6 of the Dungeon on Mar 19, 2024.
             The game lasted 00:23:28 (6044 turns).

Doorstop00 the Cleaver (Minotaur Berserker)         Turns: 6044, Time: 00:23:28

Health: -2/118     AC: -18   Str: 24    XL:     9   Next: 10%
Magic:  8/8        EV:  9    Int:  4    God:    Trog [*****.]
Gold:   419        SH:  7    Dex: 12    Spells: 8/8 levels left

rFire   . . .        d - +2 hand axe (freeze)
rCold   . . .        v - +0 kite shield
rNeg    . . .        k - +0 scale mail
rPois   .            f - +2 hat
rElec   .            (no cloak)
rCorr   .            (no gloves)
SInv    .            (no boots)
Will    +....        j - amulet of faith Stlth
                     c - ring of willpower
HPRegen 0.39/turn    (no ring)
MPRegen 0.11/turn

%: faith
@: berserking, lethally poisoned (-2 -> -3), corroded, very quick
A: horns 2, retaliatory headbutt
a: Renounce Religion, Berserk, Trog's Hand, Brothers in Arms


You were on level 6 of the Dungeon.
You worshipped Trog.
Trog was extremely pleased with you.
You visited 1 branch of the dungeon, and saw 6 of its levels.

You collected 419 gold pieces.

Inventory:

Hand Weapons
 d - a +2 hand axe of freezing (weapon)
 m - a +0 battleaxe
 q - a +2 flail of protection
 t - a +0 war axe
 u - a +1 mace of holy wrath
Missiles
 g - a throwing net (quivered)
Armour
 f - a +2 hat (worn)
 k - a +0 scale mail (worn)
 v - a +0 kite shield (worn)
Jewellery
 c - a ring of willpower (left hand)
 h - an amulet of magic regeneration
 j - an amulet of faith (around neck)
Wands
 b - a wand of warping (11)
 o - a wand of paralysis (7)
Scrolls
 a - a scroll of teleportation
 e - 2 scrolls of revelation
 i - 3 scrolls of identify
 l - 2 scrolls of enchant weapon
 p - a scroll of torment {unknown}
 w - a scroll of brand weapon {unknown}
 x - a scroll of enchant armour {unknown}
Potions
 n - a potion of curing {unknown}
 r - a potion of mutation {unknown}
 s - a potion of brilliance {unknown}
 z - a potion of heal wounds {unknown}


   Skills:
 * Level 7.1 Fighting
 * Level 10.4(11.0) Axes
 + Level 5.2(8.5) Maces & Flails
 * Level 4.7 Armour
 * Level 4.3 Dodging
 + Level 2.0 Stealth
 * Level 0.1 Evocations


You had 8 spell levels left.
You didn't know any spells.
Your spell library was empty.

Dungeon Overview and Level Annotations

Branches:
Dungeon (6/15)             Temple (0/1) D:6

Altars:
Gozag
Kikubaaqudgha
Wu Jian
The Shining One

Shops:
D:3 (   D:4 *


Innate Abilities, Weirdness & Mutations

You have a pair of horns on your head.
You reflexively headbutt those who attack you in melee.


Message History

You feel sick.
You block the kobold demonologist's attack.
You closely miss the kobold demonologist.
Your headbutt misses the kobold demonologist.
The kobold demonologist is severely wounded.
You hit the rust devil but do no damage.
You feel sick.
You are no longer poisoned.
The rust devil hits you! The rust devil corrodes you!
The kobold demonologist hits you with a staff of alchemy.
The kobold demonologist envenoms you.
You are poisoned.
A red film seems to cover your vision as you go berserk!
You feel yourself moving faster!
You feel mighty!
You feel sick. The rust devil hits you! The rust devil corrodes you!
The kobold demonologist hits you with a staff of alchemy.
You hit the kobold demonologist but do no damage.
The kobold demonologist is severely wounded.
You barely miss the rust devil.
You feel sick.
You are no longer poisoned.
The rust devil hits you!
* * * LOW HITPOINT WARNING * * *
The rust devil corrodes you!
You hit the kobold demonologist but do no damage.
You headbutt the kobold demonologist, but do no damage.
The kobold demonologist is severely wounded.
You hit the rust devil but do no damage.
The kobold demonologist hits you with a staff of alchemy!
* * * LOW HITPOINT WARNING * * *
The kobold demonologist envenoms you!
* * * LOW HITPOINT WARNING * * *
You are poisoned.
The rust devil hits you.
* * * LOW HITPOINT WARNING * * *
The rust devil corrodes you!
You hit the kobold demonologist but do no damage.
The kobold demonologist is severely wounded.
You barely miss the rust devil.
You feel sick.
The kobold demonologist hits you with a staff of alchemy!
You die...

........#.#....##.##......#
...............##.........#
........#.#########.......#
........#................##
...<....#....)...#########
....#####...............
#########...............
........................
......)........K@.#####
...............4.....#
....##)###...........#
#####..###...........#
.........#...........#
.........#......#########
.........###............#
..........#.............#
..........#.............#


You could see a rust devil (summoned) and a kobold demonologist.

Vanquished Creatures
  Grinder (D:3)
  A water moccasin (D:5)
  An ice beast (D:5)
  A sky beast (D:6)
  An ogre (D:5)
  2 phantoms (D:5)
  A kobold brigand (D:5)
  A bullfrog (D:6)
  2 scorpions (D:5)
  A killer bee (D:5)
  5 bombardier beetles
  4 hounds
  A jelly (D:6)
  7 orc priests
  4 iguanas
  A sleepcap (D:6)
  6 orc wizards
  13 adders
  9 gnolls
  A shadow imp (D:5)
  A white imp (D:6)
  An ufetubus (D:5)
  A ribbon worm (D:2)
  26 orcs
  9 ball pythons
  9 endoplasms
  2 giant cockroaches
  6 goblins
  13 hobgoblins
  5 jackals
  4 kobolds
  6 quokkas
  8 bats
  4 frilled lizards
  12 rats
170 creatures vanquished.

Notes
Turn   | Place    | Note
-------+----------+-------------------------------------------
     0 | D:1      | Doorstop00 the Minotaur Berserker began the quest for the
                  | Orb.
     0 | D:1      | Reached XP level 1. HP: 19/19 MP: 0/0
   210 | D:1      | Reached XP level 2. HP: 22/27 MP: 1/1
   238 | D:1      | Reached skill level 4 in Axes
   567 | D:1      | Reached ** piety under Trog
   649 | D:1      | Reached XP level 3. HP: 30/33 MP: 2/2
  1530 | D:2      | Reached XP level 4. HP: 31/41 MP: 3/3
  1538 | D:2      | Reached skill level 1 in Maces & Flails
  1941 | D:3      | Reached skill level 5 in Axes
  2007 | D:3      | Reached skill level 5 in Fighting
  2030 | D:3      | Reached XP level 5. HP: 33/48 MP: 4/4
  2217 | D:3      | Reached *** piety under Trog
  2282 | D:3      | Found a faded altar of an unknown god.
  2369 | D:3      | Noticed Grinder
  2383 | D:3      | Killed Grinder
  2384 | D:3      | Reached skill level 6 in Axes
  2384 | D:3      | Reached XP level 6. HP: 56/56 MP: 5/5
  2463 | D:3      | Found an ornate altar of the Wu Jian Council.
  2983 | D:3      | Found Lacothre's Weapon Shop.
  3094 | D:4      | Found an ancient bone altar of Kikubaaqudgha.
  3244 | D:4      | Reached skill level 7 in Axes
  3245 | D:4      | Reached skill level 1 in Stealth
  3382 | D:4      | Reached XP level 7. HP: 60/62 MP: 6/6
  3720 | D:4      | Found Xugis's Serpentskin Sales.
  3847 | D:4      | Upgraded the game from 0.32-a0-768-g0f6f1dd4b9 to
                  | 0.32-a0-779-g362cfcae2a
  3856 | D:5      | Entered Level 5 of the Dungeon
  3879 | D:5      | Reached **** piety under Trog
  4091 | D:5      | Reached skill level 8 in Axes
  4332 | D:5      | Identified the staff "Ifeircha" {^Fragile rC+ Str+3 Dex+3
                  | Ice}
  4456 | D:5      | Reached XP level 8. HP: 64/71 MP: 7/7
  4536 | D:5      | Reached skill level 9 in Axes
  4592 | D:5      | Found a glowing golden altar of the Shining One.
  4768 | D:5      | Found an opulent altar of Gozag.
  5212 | D:6      | Reached skill level 10 in Axes
  5502 | D:6      | Found a staircase to the Ecumenical Temple.
  5515 | D:6      | Reached skill level 5 in Maces & Flails
  5524 | D:6      | Reached ***** piety under Trog
  5525 | D:6      | Reached XP level 9. HP: 64/79 MP: 8/8
  6026 | D:6      | Noticed a kobold demonologist
  6028 | D:6      | Noticed a rust devil
  6044 | D:6      | HP: 5/118 [poisoned by a kobold demonologist]
  6044 | D:6      | Slain by a kobold demonologist

Illustrated notes

Levels and vault maps discovered:
D:1:      dpeg_arrival_rooms_with_view, layout_loops_cross, hex_large,
          minmay_statues_item, nicolae_twisty_statue_hallways
D:2:      layout_basic
D:3:      layout_basic, mainiacjoe_overflow_24_doors,
          shapermc_ecumenical_altar_rom_forum, serial_shops,
          nicolae_shop_tiny_waterfront, uniq_grinder
D:4:      cheibrodos_pilgrimage, layout_loops_cross,
          mainiacjoe_overflow_brackets, chequers_serial_rivers_micro_e,
          guppyfry_shop_venom
D:5:      layout_rooms, jmf_multi_god_temple2, minmay_joined_circles
D:6:      layout_basic, nicolae_elyvilon_temple_path, minmay_temple_entry_grid,
          chequers_arboretum, minivault_19

Skill      XL: |  1  2  3  4  5  6  7  8 |
---------------+-------------------------+-----
Axes           | 4 5 6 7 8 10 | 10.4
Fighting       | 4 5 6 7 |  7.1
Maces & Flails | 1 2 3 5 |  5.2
Stealth        | 1 2 |  2.0
Dodging        | 3 4 |  4.3
Armour         | 3 4 |  4.7
Evocations     | |  0.1

Action                     |  1- 3 |  4- 6 |  7- 9 || total
---------------------------+-------+-------+-------++-------
  Melee: Hand axe          |    90 |    75 |   205 ||   370
         Headbutt          |     9 |     7 |    28 ||    44
 Invoke: Trog's Hand       |     1 |       |       ||     1
         Berserk           |       |     1 |     2 ||     3
  Evoke: Wand              |       |       |     1 ||     1
    Use: Scroll            |     2 |     1 |     1 ||     4
         Potion            |       |     1 |       ||     1
   Stab: Sleeping          |       |     1 |     2 ||     3
 Armour: Animal skin       |    53 |    40 |    12 ||   105
         Scale mail        |       |       |   135 ||   135
  Dodge: Dodged            |    45 |    41 |    64 ||   150
  Block: Kite shield       |       |       |     7 ||     7

Table legend: (Time is in decaauts)
 A = Elapsed time spent in this place.
 B = Non-inter-level travel time spent in this place.
 C = Inter-level travel time spent in this place.
 D = Time resting spent in this place.
 E = Time spent auto-exploring this place.
 F = Levels seen in this place.
 G = Mean time per level.
                   A        B        C        D        E       F      G
               +--------+--------+--------+--------+--------+-----+--------+
         Total |   6032 |   6019 |     13 |    939 |   3503 |   6 | 1005.3 |
       Dungeon |   6032 |   6019 |     13 |    939 |   3503 |   6 | 1005.3 |
               +--------+--------+--------+--------+--------+-----+--------+

Top non-repeatable levels by time:
     D:5: 1289 daAuts
     D:3: 1132 daAuts
     D:1: 1032 daAuts
     D:2: 900 daAuts
     D:6: 874 daAuts
     D:4: 802 daAuts
